 Dungeon Crawl Stone Soup version 0.28-a0-563-gf77a47075d (webtiles) character file.

Game seed: 11422392010165967463

1062 jasper the Stinger (level 8, 0/53 HPs)
             Began as a Demonspawn Venom Mage on Sept 30, 2021.
             Was an Initiate of Vehumet.
             Slain by an orc warrior (11 damage)
             ... on level 6 of the Dungeon.
             The game lasted 00:11:19 (5596 turns).

jasper the Stinger (Demonspawn Venom Mage)          Turns: 5596, Time: 00:11:20

Health: 0/53       AC:  8    Str:  8    XL:     8   Next: 6%
Magic:  4/11       EV: 12    Int: 25    God:    Vehumet [......]
Gold:   85         SH:  0    Dex: 14    Spells: 1/11 levels left

rFire   . . .      SeeInvis .   (no weapon)
rCold   . . .      Faith    .   (no shield)
rNeg    . . .      Spirit   .   a - +0 robe
rPois   .          Reflect  .   p - +1 helmet
rElec   .          Harm     .   (no cloak)
rCorr   .          Rampage  .   n - +0 pair of gloves
Will    .....                   (no boots)
Stlth   ++........              (no amulet)
HPRegen 0.17/turn               b - +6 ring of intelligence
MPRegen 0.12/turn               (no ring)

@: no status effects
A: claws 2, yellow scales 2, powered by death 2
a: Renounce Religion


You were on level 6 of the Dungeon.
You worshipped Vehumet.
Vehumet was noncommittal.
You visited 2 branches of the dungeon, and saw 7 of its levels.

You collected 85 gold pieces.

Inventory:

Hand Weapons
 e - a +0 short sword
Missiles
 d - 8 poisoned darts
 l - 108 stones
 s - 3 boomerangs
Armour
 a - a +0 robe (worn)
 g - a +1 hat
 n - a +0 pair of gloves (worn)
 p - a +1 helmet (worn)
Jewellery
 b - a +6 ring of intelligence (left hand)
 k - a ring of ice
Wands
 h - a wand of flame (16)
 i - a wand of iceblast (9)
 q - a wand of polymorph (7)
Scrolls
 j - 4 scrolls of noise
Potions
 c - a potion of curing
 f - a potion of attraction


   Skills:
 + Level 0.5 Fighting
 + Level 2.0 Dodging
 - Level 1.7 Stealth
 + Level 2.1 Spellcasting
 - Level 3.6 Conjurations
 - Level 2.4 Translocations
 - Level 2.0 Transmutations
 - Level 3.2 Air Magic
 - Level 7.0 Poison Magic
 * Level 1.0 Evocations


You had one spell level left.
You knew the following spells:

 Your Spells              Type           Power      Damage    Failure   Level
a - Sting                 Tmut/Pois      100%       1d8       1%          1
b - Mephitic Cloud        Conj/Pois/Air  25%        N/A       4%          3
c - Olgreb's Toxic Radia  Pois           37%        N/A       6%          4
d - Blink                 Tloc           N/A        N/A       6%          2

Your spell library contained the following spells:

 Spells                   Type           Power      Damage    Failure   Level
 Poisonous Vapours        Pois/Air       56%        N/A       1%          2
 Lesser Beckoning         Tloc           14%        N/A       12%         3
 Manifold Assault         Tloc           14%        N/A       75%         5


Dungeon Overview and Level Annotations

Branches:
Dungeon (6/15)             Temple (1/1) D:6

Altars:
Fedhas
Gozag
Sif Muna
Vehumet
Xom
The Shining One


Innate Abilities, Weirdness & Mutations

You have very sharp fingernails.
You are mostly covered in yellow scales. (AC +3)
You regenerate health from kills.


Message History

You take 6 damage, and have 33/53 hp.
You hit the wyvern zombie but do no damage.
The wyvern zombie is moderately damaged.
The wyvern zombie bites you but does no damage.
The wyvern zombie bites you!
You take 8 damage, and have 25/53 hp.
You hit the wyvern zombie but do no damage.
The wyvern zombie is moderately damaged.
The wyvern zombie barely misses you.
You hit the wyvern zombie but do no damage.
The wyvern zombie is moderately damaged.
The wyvern zombie bites you!
* * * LOW HITPOINT WARNING * * *
You take 10 damage, and have 15/53 hp.
You barely miss the wyvern zombie.
The wyvern zombie is moderately damaged.
The wyvern zombie bites you.
* * * LOW HITPOINT WARNING * * *
The wyvern zombie bites you!
* * * LOW HITPOINT WARNING * * *
You take 12 damage, and have 3/53 hp.
MASSIVE DAMAGE!!
You hit the wyvern zombie but do no damage.
The wyvern zombie is moderately damaged.
The wyvern zombie completely misses you.
Okay, then.
You feel better.
The wyvern zombie bites you but does no damage.
You regained 7 hp, and now have 10/53 hp.
The wyvern zombie barely misses you.
The wyvern zombie bites you but does no damage.
A scorpion comes into view.
The orc warrior closely misses you. The orc warrior closely misses you.
The wyvern zombie bites you but does no damage.
The wyvern zombie bites you but does no damage.
There is a stone staircase leading down here.
The wyvern zombie bites you.
* * * LOW HITPOINT WARNING * * *
The orc warrior hits you from afar with a +0 trident!
You die...

#.##.#. #<##.#.#####
####..#.#.#.....
#......###..##.#.# #
#.....# #......#.##.#
..#.#.##...###...#.#
.....#(............##
.#.#................#..
. #.###..)......@.......
.##...###....s.Z.....##.
.#........#....o....##
##..>..##......######
.......#......##
###...##)...#.#
..###.#.......#####
....#.#............
###......#.##......


You could see an orc warrior, a scorpion (wandering) and a wyvern zombie.

Vanquished Creatures
  A sky beast (D:6)
  2 black bears
  An ogre (D:6)
  2 ice beasts
  A phantom (D:5)
  A jelly (D:6)
  A centaur skeleton (D:4)
  3 orc priests
  2 hounds (D:5)
  Ijyb (D:3)
  An iguana (D:5)
  2 orc wizards (D:6)
  A hound zombie (D:5)
  A howler monkey zombie (D:6)
  Robin (D:3)
  A gnoll (D:3)
  2 adders
  A dart slug (D:2)
  7 orcs
  9 endoplasms
  4 giant cockroaches
  9 goblins
  6 hobgoblins
  2 jackals (D:3)
  6 kobolds
  2 quokkas
  5 ball pythons
  2 bats
  A frilled lizard (D:1)
  5 rats
83 creatures vanquished.

Notes
Turn   | Place    | Note
-------+----------+-------------------------------------------
     0 | D:1      | jasper the Demonspawn Venom Mage began the quest for the
                  | Orb.
     0 | D:1      | Reached XP level 1. HP: 13/13 MP: 3/3
    39 | D:1      | Reached skill level 1 in Transmutations
   298 | D:1      | Gained mutation: You regenerate a little health from kills.
                  | [demonic ancestry]
   298 | D:1      | Reached XP level 2. HP: 19/19 MP: 1/5
   538 | D:1      | Found a faded altar of an unknown god.
  1051 | D:2      | Gained mutation: You have sharp fingernails. [demonic
                  | ancestry]
  1051 | D:2      | Reached XP level 3. HP: 24/24 MP: 4/6
  1057 | D:2      | Noticed a scorpion
  1064 | D:1      | Learned a level 3 spell: Mephitic Cloud
  1477 | D:2      | You fall into a shaft and drop 1 floor!
  1842 | D:3      | Reached skill level 1 in Conjurations
  1943 | D:3      | Noticed Ijyb
  1944 | D:3      | Paralysed by Ijyb for 4 turns
  1960 | D:3      | Killed Ijyb
  1961 | D:3      | Reached skill level 1 in Air Magic
  1961 | D:3      | Reached skill level 4 in Poison Magic
  1961 | D:3      | Gained mutation: You have very sharp fingernails. [demonic
                  | ancestry]
  1961 | D:3      | Reached XP level 4. HP: 22/30 MP: 0/7
  2133 | D:3      | Noticed a black bear
  2229 | D:3      | Noticed Robin
  2239 | D:3      | Killed Robin
  2307 | D:3      | Killed a black bear
  2308 | D:3      | Reached XP level 5. HP: 11/35 MP: 0/8
  3797 | D:5      | Entered Level 5 of the Dungeon
  3811 | D:5      | Noticed a phantom
  3813 | D:5      | Found a radiant altar of Vehumet.
  3813 | D:5      | Noticed a black bear
  3863 | D:5      | Killed a phantom
  3864 | D:5      | Gained mutation: You are partially covered in yellow
                  | scales. (AC +2) [demonic ancestry]
  3864 | D:5      | Reached XP level 6. HP: 16/41 MP: 9/9
  3869 | D:5      | Learned a level 4 spell: Olgreb's Toxic Radiance
  4052 | D:5      | Noticed an ice beast
  4058 | D:5      | Reached skill level 5 in Poison Magic
  4058 | D:5      | Found a shimmering altar of Xom.
  4058 | D:5      | Found a shimmering blue altar of Sif Muna.
  4058 | D:5      | Found a blossoming altar of Fedhas.
  4076 | D:5      | Killed an ice beast
  4077 | D:5      | Gained mutation: You regenerate health from kills. [demonic
                  | ancestry]
  4077 | D:5      | Reached XP level 7. HP: 29/46 MP: 0/10
  4080 | D:5      | Became a worshipper of Vehumet
  4190 | D:5      | Found an opulent altar of Gozag.
  4763 | D:5      | Reached skill level 6 in Poison Magic
  4975 | D:5      | Learned a level 2 spell: Blink
  5333 | D:6      | Found a staircase to the Ecumenical Temple.
  5360 | Temple   | Entered the Ecumenical Temple
  5462 | D:6      | Reached skill level 7 in Poison Magic
  5462 | D:6      | Reached skill level 1 in Translocations
  5558 | D:6      | Gained mutation: You are mostly covered in yellow scales.
                  | (AC +3) [demonic ancestry]
  5558 | D:6      | Reached XP level 8. HP: 45/52 MP: 4/11
  5569 | D:6      | Reached skill level 1 in Evocations
  5596 | D:6      | Slain by an orc warrior

Illustrated notes

Levels and vault maps discovered:
D:1:      onia_arrival_pyramid, layout_basic, ebering_ecumenical_altar_mist,
          due_unseen_surprise
D:2:      layout_basic, minivault_27
D:3:      layout_loops_ring, tso_altar, gammafunk_ghost_nasty_kobolds,
          uniq_ijyb, uniq_robin
D:4:      layout_layer_cave
D:5:      layout_basic, minitemple
D:6:      layout_loops_ring, minmay_temple_entry_slanted, gammafunk_ghost_arena
Temple:   pf_slime_end_temple

Skill      XL: |  1  2  3  4  5  6  7  8 |
---------------+-------------------------+-----
Transmutations | 1 2 |  2.0
Conjurations   | 1 2 3 |  3.6
Air Magic      | 1 2 3 |  3.2
Poison Magic   | 4 5 7 |  7.0
Translocations | 2 |  2.4
Dodging        | 2 |  2.0
Evocations     | 1 |  1.0
Fighting       | |  0.5
Stealth        | |  1.7
Spellcasting   | |  2.1

Action                   |  1- 3 |  4- 6 |  7- 9 || total
-------------------------+-------+-------+-------++-------
Melee: Unarmed           |     2 |    71 |   118 ||   191
       Short sword       |    13 |     5 |       ||    18
Throw: Dart              |     5 |     1 |       ||     6
       Stone             |     1 |       |       ||     1
 Cast: Sting             |    72 |    45 |    48 ||   165
       Olgreb's Toxic Ra |       |       |     4 ||     4
Evoke: Wand              |       |     9 |     5 ||    14
  Use: Potion            |       |     3 |     1 ||     4
       Scroll            |       |     5 |       ||     5
 Stab: Paralysed         |       |    42 |       ||    42
Armor: Robe              |    12 |    34 |    67 ||   113
Dodge: Dodged            |    27 |    54 |    87 ||   168

Table legend: (Time is in decaauts)
 A = Elapsed time spent in this place.
 B = Non-inter-level travel time spent in this place.
 C = Inter-level travel time spent in this place.
 D = Time resting spent in this place.
 E = Time spent auto-exploring this place.
 F = Levels seen in this place.
 G = Mean time per level.
                   A        B        C        D        E       F      G
               +--------+--------+--------+--------+--------+-----+--------+
         Total |   5579 |   5405 |    174 |   1060 |   3275 |   7 |  797.0 |
       Dungeon |   5517 |   5343 |    174 |   1000 |   3275 |   6 |  919.5 |
        Temple |     61 |     61 |      0 |     60 |      0 |   1 |   61.0 |
               +--------+--------+--------+--------+--------+-----+--------+

Top non-repeatable levels by time:
     D:5: 1494 daAuts
     D:4: 1461 daAuts
     D:1: 1125 daAuts
     D:3: 840 daAuts
     D:2: 352 daAuts
     D:6: 242 daAuts
  Temple: 61 daAuts
